Map: Divergencia EE

Players

MrFercho

  • Race: Zerg Zerg
  • Spawn Location: 11:00

TATORREA

  • Race: Protoss Protoss
  • League: Silver
  • Spawn Location: 11:00

THATANK

  • Race: Terran Terran
  • League: Platinum
  • Spawn Location: 5:00

SaSauceNet

  • Race: Protoss Protoss
  • Spawn Location: 5:00

VOD

Have the link to the VOD?

Description

Time

  • Played on: May 3, 2020, 9:19 p.m.
  • Length: 12:21
Show
View Real Time Build Order
Export as new Build Order

MrFercho Zerg 

Build Orders: Pool First 

Get SALT Encoding   

  12  0:03  Drone  
  13  0:16  Overlord  
  13  0:31  Drone  
  14  0:38  Spawning Pool  
  13  0:45  Drone  
  13  0:46  Drone x2  
  16  1:08  Drone  
  17  1:17  Hatchery  
  16  1:23  Drone  
  16  1:24  Extractor, Drone  
  17  1:29  Overlord  
  17  1:57  Roach Warren  
  16  2:03  Drone x2  
  16  2:04  Drone  
  19  2:33  Hatchery  
  18  2:40  Roach  
  18  2:41  Zergling x2, Roach x2  
  25  3:04  Extractor  
  24  3:06  Drone  
  24  3:07  Drone x4  
  29  3:35  Zergling x2  
  29  3:36  Zergling x6  
  33  3:52  Lair  
  33  3:53  Metabolic Boost  
  33  4:08  Overlord  
  33  4:10  Overlord  
  33  4:11  Drone x3  
  33  4:12  Drone  
  37  4:51  Hatchery  
  36  4:53  Glial Reconstitution  
  36  4:54  Extractor  
  35  5:00  Extractor  
  35  5:06  Spire  
  33  5:11  Infestation Pit  
  32  5:19  Hydralisk Den  
  31  5:39  Burrow  
  31  5:53  Drone  
  31  5:54  Drone x8  
  40  6:18  Corruptor x2  
  42  6:21  Hydralisk  
  46  6:31  Drone  
  46  6:32  Drone x4  
  40  7:53  Hydralisk  
  40  7:54  Hydralisk x11  
  64  8:02  Hive  
  64  8:53  Zerg Flyer Armor Level 1  
  64  8:57  Overlord  
  64  8:58  Overlord  
  64  9:00  Overlord  
  64  9:01  Overlord  
  64  9:19  Grooved Spines  
  64  9:28  Evolution Chamber  
  63  9:34  Evolution Chamber x2  
  63  9:37  Drone x10  
  71  9:42  Overseer  
  56  10:56  Corruptor x4  
  56  10:57  Corruptor x3, Mutalisk  
  62  10:58  Mutalisk x3  
Show
View Real Time Build Order
Export as new Build Order

TATORREA Protoss 

Build Orders:  

Get SALT Encoding   

  12  0:03  Probe  
  13  0:23  Probe  
  13  0:24  Pylon  
  14  0:35  Probe  
  15  0:48  Probe  
  16  0:50  Pylon  
  16  0:53  Gateway  
  16  1:00  Probe  
  17  1:12  Probe  
  18  1:20  Gateway  
  18  1:23  Gateway  
  18  1:26  Assimilator, Probe  
  19  1:42  Probe  
  19  1:44  Zealot  
  22  1:54  Probe  
  23  2:09  Cybernetics Core  
  23  2:12  Zealot x2  
  23  2:13  Zealot  
  29  2:18  Probe  
  30  2:25  Assimilator  
  30  2:30  Probe  
  31  2:40  Pylon  
  31  2:44  Pylon  
  31  2:58  Stalker x2, Probe  
  36  3:00  Zealot  
  38  3:10  Probe  
  39  3:13  Warp Gate  
  39  3:22  Probe  
  40  3:34  Zealot x3  
  44  3:37  Probe  
  47  3:46  Stargate  
  47  4:08  Pylon  
  47  4:12  Pylon  
  47  4:15  Pylon  
  47  4:25  Twilight Council  
  47  4:26  Probe  
  48  4:31  Robotics Facility  
  48  4:38  Probe  
  49  4:46  Oracle  
  49  4:47  Assimilator  
  49  4:50  Probe  
  53  5:03  Charge  
  53  5:08  Probe  
  54  5:20  Probe  
  55  5:21  Zealot  
  55  5:22  Zealot x2  
  61  5:31  Oracle  
  64  5:36  Probe  
  65  5:48  Probe  
  63  6:00  Probe  
  55  6:16  Stalker  
  55  6:17  Stalker  
  55  6:18  Stalker  
  52  6:36  Void Ray  
  48  6:56  Probe  
  49  7:08  Probe  
  50  7:33  Probe  
  51  7:42  Stalker  
  53  7:44  Stalker  
  53  7:45  Probe  
  56  7:53  Stalker  
  56  7:57  Probe  
  59  8:09  Probe  
  56  8:18  Stalker  
  56  8:19  Stalker  
  56  8:20  Stalker  
  56  8:21  Probe  
  55  8:45  Probe  
  56  8:55  Oracle  
  56  8:57  Probe  
  60  9:09  Probe  
  61  9:21  Probe  
  62  9:35  Nexus  
  13  10:56  Stalker x2  
  12  10:57  Stalker  
  12  11:01  Void Ray  
  13  11:16  Probe  
  14  11:28  Probe  
  15  11:40  Probe  
  16  11:52  Probe  
  14  12:04  Probe  
Show
View Real Time Build Order
Export as new Build Order

THATANK Terran 

Build Orders:  

Get SALT Encoding   

  12  0:03  SCV  
  13  0:15  SCV  
  14  0:29  Supply Depot  
  14  0:36  SCV  
  14  0:42  Refinery  
  15  0:50  SCV  
  15  0:55  Barracks  
  16  1:06  SCV  
  17  1:17  Refinery  
  17  1:19  SCV  
  18  1:31  SCV  
  19  1:56  Factory  
  19  2:02  Barracks Tech Lab  
  19  2:06  Orbital Command  
  19  2:35  Marine  
  20  2:53  Marine  
  21  2:58  Starport  
  21  3:03  Factory Tech Lab  
  21  3:21  SCV  
  22  3:33  SCV  
  23  3:42  Starport Tech Lab  
  23  3:44  Fusion Core  
  23  3:49  Supply Depot  
  23  3:55  Command Center  
  23  4:10  SCV, Siege Tank  
  23  4:11  Supply Depot  
  27  4:22  SCV  
  28  4:33  Battlecruiser  
  28  4:35  SCV  
  35  4:44  Armory  
  35  4:47  SCV  
  36  4:59  SCV  
  37  5:08  Orbital Command  
  37  5:23  Command Center  
  37  5:25  Starport  
  37  5:36  Starport  
  37  5:40  Orbital Command  
  37  6:51  Battlecruiser  
  37  6:53  Starport Tech Lab  
  37  6:55  Starport Tech Lab  
  37  6:58  Orbital Command  
  37  7:01  SCV  
  37  7:07  Supply Depot  
  38  7:13  SCV  
  38  7:15  Terran Vehicle And Ship Armor Level 1  
  39  7:18  Armory  
  42  7:25  SCV  
  40  7:31  Supply Depot  
  40  7:37  SCV  
  41  7:45  Reaper  
  41  7:50  SCV  
  43  7:53  Supply Depot  
  43  8:06  Refinery  
  43  8:17  Reaper  
  38  8:48  SCV  
  38  8:49  Reaper  
  40  8:56  Battlecruiser  
  40  9:01  SCV  
  47  9:13  SCV  
  47  9:16  Refinery  
  48  9:24  Terran Ship Weapons Level 1, Orbital Command  
  48  9:25  SCV  
  48  9:27  Battlecruiser  
  55  9:37  SCV  
  56  9:57  Supply Depot  
  56  10:19  Supply Depot  
  52  10:43  Supply Depot  
  52  11:04  Supply Depot  
  52  11:33  Orbital Command  
Show
View Real Time Build Order
Export as new Build Order

SaSauceNet Protoss 

Build Orders:  

Get SALT Encoding   

  12  0:01  Probe  
  13  0:13  Probe  
  14  0:30  Pylon  
  14  0:34  Probe  
  15  0:45  Assimilator  
  15  0:48  Probe  
  16  1:01  Gateway  
  16  1:12  Pylon, Probe  
  17  1:24  Probe  
  18  1:35  Forge  
  18  1:38  Probe  
  19  1:50  Probe  
  20  2:02  Probe, Zealot  
  23  2:13  Photon Cannon  
  23  2:15  Photon Cannon, Probe  
  24  2:24  Photon Cannon  
  24  2:27  Probe  
  25  2:36  Pylon  
  25  2:39  Probe  
  25  2:42  Cybernetics Core  
  26  2:51  Probe  
  27  2:58  Photon Cannon  
  27  3:01  Photon Cannon  
  27  3:03  Photon Cannon  
  27  3:15  Warp Gate (Chrono Boost)  
  27  3:16  Assimilator  
  27  3:25  Protoss Shields Level 1  
  27  3:30  Pylon  
  27  3:36  Pylon  
  27  3:41  Stalker  
  29  4:04  Twilight Council  
  29  4:12  Probe  
  30  4:40  Probe  
  30  4:42  Charge (Chrono Boost)  
  30  4:51  Gateway  
  30  4:52  Probe  
  31  4:54  Gateway  
  31  4:55  Pylon  
  31  5:01  Pylon  
  31  5:04  Probe  
  32  5:07  Stargate  
  32  5:27  Gateway  
  32  5:28  Gateway  
  32  5:30  Gateway  
  32  5:34  Gateway  
  32  5:35  Gateway  
  32  5:45  Gateway  
  32  6:15  Blink  
  32  6:41  Stalker x2  
  32  6:42  Stalker x5  
  32  6:43  Stalker  
  48  7:12  Stalker x5  
  58  7:25  Protoss Ground Weapons Level 1 (Chrono Boost)  
  58  7:33  Stalker  
  60  8:11  Pylon  
  60  8:12  Nexus  
  60  8:33  Stalker  
  62  8:41  Pylon  
  62  8:56  Probe  
  63  9:08  Probe  
  64  9:20  Probe  
  65  9:32  Probe  
  66  9:44  Probe  
  67  9:53  Zealot  
  67  9:54  Zealot x7  
  67  10:31  Stalker  
  67  10:33  Stalker  
  67  10:34  Stalker x5  
  67  10:35  Stalker  
  69  11:08  Nexus  
  69  11:14  Pylon  
  69  11:18  Pylon  
  69  11:28  Stalker x2  
  69  11:29  Stalker  
  69  11:30  Dark Shrine  
  69  11:31  Stalker  
Tags
 
Add a new tag
Caveats
  • Supply blocks, unpowered buildings, or Contaminate may cause inaccurate times.
  • Supply counts are checked every 10 seconds.